 Dungeon Crawl Stone Soup version 0.25-a0-528-g6b7c99946c (webtiles) character file.

Game seed: 10506018943757687492, levelgen mode: deterministic

120 kae the Ruffian (level 4, -8/52 HPs)
             Began as a Demonspawn Gladiator on Feb 19, 2020.
             Mangled by Sigmund
             ... wielding a +0 scythe
              (10 damage)
             ... on level 4 of the Dungeon.
             The game lasted 00:03:00 (2915 turns).

kae the Ruffian (Demonspawn Gladiator)              Turns: 2915, Time: 00:03:01

Health: -8/52      AC:  4    Str: 17 (20) XL:     4   Next: 75%
Magic:  4/4        EV: 12    Int:  9 (10) God:
Gold:   202        SH:  0    Dex: 13 (14) Spells: 3/3 levels left

rFire    . . .     SeeInvis .   h - +0 whip (venom)
rCold    . . .     Gourm    .   (no shield)
rNeg     . . .     Faith    .   a - +0 leather armour
rPois    +         Spirit   .   (helmet restricted)
rElec    .         Reflect  .   r - +0 cloak
rCorr    .         Harm     .   (no gloves)
MR       .....                  (no boots)
Stlth    ..........             (no amulet)
HPRegen  0.17/turn              t - +2 ring of slaying
MPRegen  0.09/turn              l - ring of poison resistance

@: berserking, very quick
A: claws 1, horns 1, powered by death 1
a: no special abilities


You were on level 4 of the Dungeon.
You were not hungry.

You visited 1 branch of the dungeon, and saw 4 of its levels.

You collected 202 gold pieces.

Inventory:

Hand Weapons
 h - a +0 whip of venom (weapon)
Missiles
 c - 3 throwing nets (quivered)
Armour
 a - a +0 leather armour (worn)
 b - a +0 helmet
 r - a +0 cloak (worn)
Jewellery
 f - an uncursed ring of magical power
 l - a ring of poison resistance (right claw)
 q - an uncursed amulet of magic regeneration
 t - a +2 ring of slaying (left claw)
Wands
 o - a wand of acid (6)
Scrolls
 g - 2 scrolls of amnesia
 i - a scroll of identify
 m - 2 scrolls of teleportation
 s - 2 scrolls of remove curse
Potions
 j - a potion of invisibility
 k - a potion of haste
 p - 2 potions of flight
 v - a potion of stabbing
Comestibles
 d - 8 rations


   Skills:
 + Level 3.2 Fighting
 - Level 1.7 Throwing
 - Level 2.6 Dodging
 * Level 4.4 Unarmed Combat


You had 3 spell levels left.
You didn't know any spells.
Your spell library was empty.

Dungeon Overview and Level Annotations

Branches:
Dungeon (4/15)
 Temple: D:4-7

Altars:

Annotations:
D:4 Sigmund


Innate Abilities, Weirdness & Mutations

You have sharp fingernails.
You have a pair of small horns on your head.
You regenerate a little health from kills.


Message History

The puff of flame hits you!
* * * LOW HITPOINT WARNING * * *
You hear some strange, mumbled words.
A puff of flame appears from out of thin air!
The puff of flame hits you!
* * * LOW HITPOINT WARNING * * *
Something hits you.
* * * LOW HITPOINT WARNING * * *
You miss something.
You feel less invigorated.
You feel less confused.
You hear some strange, mumbled words.
A puff of flame appears from out of thin air!
The puff of flame misses you.
You barely miss something. Something hits you.
You hit something. Something hits you!
* * * LOW HITPOINT WARNING * * *
A red film seems to cover your vision as you go berserk!
You feel yourself moving faster!
You feel mighty!
You miss something. Something hits you!
You die...

##########
#########.........
#.........########
#{######### #@#
#.# #.# #.# #.#
#.# #.# #.######
#......#


There were no monsters in sight!

Vanquished Creatures
  5 adders
  A worm (D:3)
  4 dart slugs
  5 leopard geckos
  5 bats
  A giant cockroach (D:3)
  7 goblins
  7 hobgoblins
  2 jackals (D:3)
  7 kobolds
  2 quokkas (D:2)
  A ball python (D:1)
  4 frilled lizards
  11 rats
62 creatures vanquished.

Notes
Turn   | Place    | Note
-------+----------+-------------------------------------------
     0 | D:1      | kae the Demonspawn Gladiator began the quest for the Orb.
     0 | D:1      | Reached XP level 1. HP: 16/16 MP: 1/1
    54 | D:1      | Reached skill level 3 in Unarmed Combat
   105 | D:1      | Gained mutation: You have a pair of small horns on your
                  | head. [demonic ancestry]
   105 | D:1      | Reached XP level 2. HP: 9/22 MP: 2/2
   874 | D:1      | Gained mutation: You have sharp fingernails. [demonic
                  | ancestry]
   874 | D:1      | Reached XP level 3. HP: 27/28 MP: 3/3
  1651 | D:2      | Reached skill level 4 in Unarmed Combat
  1864 | D:3      | Gained mutation: You regenerate a little health from kills.
                  | [demonic ancestry]
  1864 | D:3      | Reached XP level 4. HP: 18/34 MP: 4/4
  2871 | D:4      | Noticed Sigmund
  2913 | D:4      | HP: 1/35 [something (13)]
  2915 | D:4      | Mangled by Sigmund

Levels and vault maps discovered:
D:1:      evilmike_arrival_crescent, layout_basic
D:2:      kennysheep_six_static_rooms, layout_loops_ring, minivault_26
D:3:      layout_basic, minmay_misc_feat_iff
D:4:      layout_loops_ring, uniq_sigmund

Skill      XL: |  1  2  3  4 |
---------------+-------------+-----
Unarmed Combat | 3 4 |  4.4
Fighting       | 3 |  3.2
Throwing       | |  1.7
Dodging        | |  2.6

Action                   |  1- 3 |  4- 6 || total
-------------------------+-------+-------++-------
Melee: Unarmed           |    75 |       ||    75
       Headbutt          |    18 |     9 ||    27
       Whip              |    39 |    56 ||    95
  Use: Scroll            |    10 |     4 ||    14
       Potion            |     2 |     2 ||     4
 Stab: Sleeping          |     1 |       ||     1
  Eat: Chunk             |     3 |     3 ||     6
Armor: Leather armour    |    16 |     7 ||    23
Dodge: Dodged            |    64 |    41 ||   105

Table legend:
 A = Non-vault XP
 B = Vault XP
 C = Vault XP percentage of total XP
 D = Non-vault monster count
 E = Vault monster count
 F = Vault count percentage of total count
                 A         B        C        D         E       F
            +---------+---------+-------+---------+---------+-------
      Total |     159 |      13 |   7.6 |      56 |       6 |   9.7
            +---------+---------+-------+---------+---------+-------
        D:1 |      45 |       0 |   0.0 |      24 |       0 |   0.0
        D:2 |      38 |      12 |  24.0 |      10 |       5 |  33.3
        D:3 |      76 |       1 |   1.3 |      22 |       1 |   4.3
            +---------+---------+-------+---------+---------+-------
